 Dungeon Crawl Stone Soup version 0.31-a0-1511-g961fd35ebc (webtiles) character file.

Game seed: 287908204109069151

675 Bnni the Digger (level 7, -3/52 HPs)
             Began as a Formicid Earth Elementalist on Dec 30, 2023.
             Incinerated by a bombardier beetle (4 damage)
             ... with a burning spray
             ... on level 5 of the Dungeon.
             The game lasted 00:06:39 (3744 turns).

Bnni the Digger (Formicid Earth Elementalist)       Turns: 3744, Time: 00:06:40

Health: -3/52      AC:  2    Str: 19    XL:     7   Next: 91%
Magic:  9/13       EV: 12    Int: 16    God:
Gold:   308        SH:  0    Dex: 14    Spells: 3/14 levels left

rFire   . . .        j - +1 dagger (venom)
rCold   . . .        (no shield)
rNeg    . . .        a - +0 robe
rPois   .            (helmet unavailable)
rElec   .            (no cloak)
rCorr   .            (no gloves)
SInv    +            (no boots)
Will    .....        (no amulet)
Stlth   +            u - +6 ring of strength
HPRegen 0.28/turn    (no ring)
MPRegen 0.13/turn

%: no passive effects
@: on fire, glowing
A: permanent stasis, dig shafts and tunnels, antennae 3, four strong arms
a: Dig, Shaft Self


You were on level 5 of the Dungeon.
You visited 1 branch of the dungeon, and saw 5 of its levels.

You collected 308 gold pieces.

Inventory:

Hand Weapons
 j - a +1 dagger of venom (weapon)
Armour
 a - a +0 robe (worn)
 c - a +0 chain mail
 h - a +0 kite shield
Jewellery
 u - a +6 ring of strength (left hand)
Wands
 r - a wand of polymorph (11)
Scrolls
 f - a scroll of enchant weapon {unknown}
 k - 2 scrolls of identify {unknown}
 l - 2 scrolls of teleportation {unknown}
 m - a scroll of poison {unknown}
 o - a scroll of vulnerability {unknown}
 p - a scroll of silence {unknown}
 s - a scroll of noise {unknown}
 t - a scroll of immolation {unknown}
 v - a scroll of fog {unknown}
Potions
 b - 2 potions of magic
 d - 2 potions of haste {unknown}
 e - 3 potions of heal wounds {unknown}
 g - a potion of degeneration {unknown}
 i - 2 potions of cancellation {unknown}
 n - a potion of brilliance {unknown}
 q - a potion of might {unknown}


   Skills:
 + Level 3.6 Fighting
 - Level 1.7 Dodging
 - Level 2.4 Stealth
 + Level 3.8 Shields
 + Level 4.0 Spellcasting
 + Level 1.5 Conjurations
 * Level 7.0 Earth Magic
 - Level 1.3 Alchemy


You had 3 spell levels left.
You knew the following spells:

 Your Spells              Type           Power      Damage    Failure   Level
a - Sandblast             Erth           50%        2d12      1%          1
b - Passwall              Erth           25%        N/A       2%          3
c - Stone Arrow           Conj/Erth      34%        3d9       9%          3
d - Brom's Barrelling Bo  Conj/Erth      17%        2d4       28%         4

Your spell library contained the following spells:

 Spells                   Type           Power      Damage    Failure   Level
 Slow                     Hex            12%        N/A       17%         1
 Confusing Touch          Hex            3%         N/A       45%         3
 Ozocubu's Armour         Ice            3%         N/A       45%         3
 Sigil of Binding         Hex            3%         N/A       45%         3
 Vampiric Draining        Necr           3%         2d6       45%         3
 Petrify                  Alch/Erth      16%        N/A       30%         4
 Metabolic Englaciation   Hex/Ice        1%         N/A       99%         5
 Sculpt Simulacrum        Ice/Alch       2%         N/A       100%        6


Dungeon Overview and Level Annotations

Branches:
Dungeon (5/15)
 Temple: D:4-7

Altars:
Ashenzari
Dithmenos
Uskayaw

Shops:
D:3 *


Innate Abilities, Weirdness & Mutations

You cannot be hasted, slowed, berserked, paralysed or teleported.
You can dig through walls and to a lower floor.
You have a pair of large antennae on your head. (SInv)
Your four strong arms can wield two-handed weapons with a shield.


Message History

You hit the iguana.
The iguana is poisoned.
The iguana is lightly wounded.
You feel a bit more experienced. The gnoll barely misses you.
The iguana bites you!
Your Spellcasting skill increases to level 4!
You hit the iguana but do no damage.
The iguana looks as sick as possible!
The iguana is lightly wounded.
The gnoll hits you from afar with a +0 halberd!
The iguana barely misses you.
Aiming: Sandblast (safe; 1% risk of failure)
Press: ? - help, Q - select action, (/) - cycle Shift-Dir - straight line, f - iguana
Aim: an iguana (moderately wounded, extremely poisoned, 85% to hit)
The blast of sand hits the iguana!
You kill the iguana!
The gnoll hits you from afar with a +0 halberd!
The gnoll barely misses you.
Your Earth Magic skill increases to level 7!
Aiming: Sandblast (safe; 1% risk of failure)
Press: ? - help, Q - select action, (/) - cycle Shift-Dir - straight line, f - bombardier beetle
Aim: a bombardier beetle (90% to hit)
The blast of sand hits the bombardier beetle!
The bombardier beetle is severely wounded.
The gnoll hits you from afar with a +0 halberd!
The bombardier beetle sprays incendiary fluid at you.
The burning spray hits you.
You are covered in liquid fire!
Aiming: Sandblast (safe; 1% risk of failure)
Press: ? - help, Q - select action, (/) - cycle Shift-Dir - straight line, f/p - bombardier beetle
Aim: a bombardier beetle (severely wounded, 90% to hit)
The blast of sand hits the bombardier beetle!
You kill the bombardier beetle!
The liquid fire burns you!
* * * LOW HITPOINT WARNING * * *
The gnoll hits you from afar with a +0 halberd!
* * * LOW HITPOINT WARNING * * *
The gnoll hits you but does no damage.
Okay, then.
You shake off some of the fire as you move.
The liquid fire burns you!
You die...

### # ... #..##
#..#,# #.#..
#.#.#B#.#.#
##.##.#(#.#
###..###?8g#
#.#..##.#$#,
#<#..#.#.#l#
##...†#@###.# .
#.....#####..#
#.............
.......##).........
........##..........
#........##..........
#........##........
#........##........
#........##........


You could see a gnoll.

Vanquished Creatures
  Sigmund (D:5)
  A bullfrog (D:3)
  2 scorpions
  3 bombardier beetles
  A jelly (D:4)
  3 iguanas
  Robin (D:2)
  4 adders
  2 dart slugs
  7 bats
  7 endoplasms
  4 giant cockroaches
  14 goblins
  9 hobgoblins
  2 quokkas
  7 ball pythons
  6 frilled lizards
  5 kobolds
  7 rats
86 creatures vanquished.

Notes
Turn   | Place    | Note
-------+----------+-------------------------------------------
     0 | D:1      | Bnni the Formicid Earth Elementalist began the quest for
                  | the Orb.
     0 | D:1      | Reached XP level 1. HP: 13/13 MP: 3/3
   235 | D:1      | Reached XP level 2. HP: 20/20 MP: 3/5
   239 | D:1      | Reached skill level 4 in Earth Magic
   499 | D:1      | Reached skill level 1 in Fighting
   610 | D:1      | Found a faded altar of an unknown god.
   736 | D:1      | Reached XP level 3. HP: 26/26 MP: 4/6
   939 | D:1      | Learned a level 3 spell: Passwall
   943 | D:1      | Learned a level 3 spell: Stone Arrow
  1117 | D:2      | Reached XP level 4. HP: 33/33 MP: 4/8
  1220 | D:2      | Reached skill level 1 in Shields
  1225 | D:2      | Reached skill level 5 in Earth Magic
  1401 | D:2      | Noticed Robin
  1416 | D:2      | Reached XP level 5. HP: 22/37 MP: 6/9
  1425 | D:2      | Killed Robin
  1724 | D:3      | Found Onaxipt's Assorted Antiques.
  1754 | D:3      | Found a shadowy altar of Dithmenos.
  1979 | D:3      | Found a broken altar of Ashenzari.
  1986 | D:3      | Reached XP level 6. HP: 46/46 MP: 7/10
  2148 | D:3      | Reached skill level 6 in Earth Magic
  3178 | D:4      | Reached XP level 7. HP: 52/52 MP: 8/12
  3419 | D:4      | Found a hide-covered altar of Uskayaw.
  3675 | D:4      | Learned a level 4 spell: Brom's Barrelling Boulder
  3676 | D:5      | Entered Level 5 of the Dungeon
  3708 | D:5      | Noticed Sigmund
  3714 | D:5      | Killed Sigmund
  3715 | D:5      | Reached skill level 1 in Conjurations
  3742 | D:5      | Reached skill level 7 in Earth Magic
  3743 | D:5      | HP: 1/52 [gnoll/+0 halberd (12)]
  3744 | D:5      | Incinerated by a bombardier beetle

Illustrated notes

Levels and vault maps discovered:
D:1:      sevenhm_arrival_forest_fort_small_3, layout_basic,
          chequers_ecumenical_altar_simple, nicolae_twisty_statue_hallways
D:2:      layout_basic, reono_crystal_passage, minmay_tromino_mix6, uniq_robin
D:3:      layout_loops_ring, nicolae_ashenzari_skybound,
          grunt_dithmenos_smoke_and_mirrors, serial_shops, shop
D:4:      nicolae_cairo_tiling_very_big, layout_basic,
          nicolae_uskayaw_dance_hall
D:5:      layout_basic, mainiacjoe_overflow_small_starburst,
          nemelex_altar_shiori, minmay_temple_entry_steel_oval, minmay_circle_x,
          uniq_sigmund, uniq_grinder

Skill      XL: |  1  2  3  4  5  6  7 |
---------------+----------------------+-----
Earth Magic    | 4 5 6 7 |  7.0
Fighting       | 1 2 3 |  3.6
Shields        | 1 2 3 |  3.8
Spellcasting   | 3 4 |  4.0
Conjurations   | 1 |  1.5
Dodging        | |  1.7
Stealth        | |  2.4
Alchemy        | |  1.3

Action                     |  1- 3 |  4- 6 |  7- 9 || total
---------------------------+-------+-------+-------++-------
  Melee: Dagger            |     5 |    35 |     5 ||    45
   Cast: Sandblast         |    45 |    61 |    13 ||   119
Ability: Dig               |       |     1 |       ||     1
   Stab: Sleeping          |       |       |     1 ||     1
 Armour: Robe              |     7 |    27 |     8 ||    42
  Dodge: Dodged            |    14 |    40 |     5 ||    59

Table legend: (Time is in decaauts)
 A = Elapsed time spent in this place.
 B = Non-inter-level travel time spent in this place.
 C = Inter-level travel time spent in this place.
 D = Time resting spent in this place.
 E = Time spent auto-exploring this place.
 F = Levels seen in this place.
 G = Mean time per level.
                   A        B        C        D        E       F      G
               +--------+--------+--------+--------+--------+-----+--------+
         Total |   3800 |   3747 |     53 |     14 |   3188 |   5 |  760.0 |
       Dungeon |   3800 |   3747 |     53 |     14 |   3188 |   5 |  760.0 |
               +--------+--------+--------+--------+--------+-----+--------+

Top non-repeatable levels by time:
     D:4: 1082 daAuts
     D:1: 959 daAuts
     D:3: 895 daAuts
     D:2: 789 daAuts
     D:5: 72 daAuts
